 Dungeon Crawl Stone Soup version 0.25-a0-189-gf71692caf1 (console) character file.

Game seed: 8257093129496526716, levelgen mode: deterministic

1738 Kagalorn the Thaumaturge (level 8, 0/36 HPs)
             Began as a Spriggan Enchanter on Nov 29, 2019.
             Slain by an orc
             ... wielding a +0 hand axe
              (5 damage)
             ... on level 5 of the Dungeon.
             The game lasted 00:16:48 (3843 turns).

Kagalorn the Thaumaturge (Spriggan Enchanter)       Turns: 3843, Time: 00:16:49

Health: 0/36       AC:  2    Str:  4    XL:     8   Next: 77%
Magic:  8/23       EV: 18    Int: 22    God:
Gold:   242        SH:  0    Dex: 16    Spells: 18/27 levels left

rFire    . . .     SeeInvis +   C - +2 rapier {freeze, Int+3} (curse)
rCold    . . .     Gourm    .   (shield restricted)
rNeg     . . .     Faith    .   e - +0 robe
rPois    .         Spirit   .   (helmet restricted)
rElec    .         Reflect  .   (no cloak)
rCorr    .         Harm     .   (gloves unavailable)
MR       +....                  (boots unavailable)
Stlth    ++++......             y - amulet of rage
HPRegen  0.12/turn              (no ring)
MPRegen  0.18/turn              (no ring)

@: very quick
A: very small, unfitting armour, see invisible, herbivore, speed 3, slow
metabolism 2
a: Evoke Berserk Rage


You were on level 5 of the Dungeon.
You were near starving.

You visited 1 branch of the dungeon, and saw 5 of its levels.

You collected 242 gold pieces.

Inventory:

Hand Weapons
 a - a +2 dagger of venom
 b - a +0 short sword of holy wrath
 C - the cursed +2 rapier "Hell-Harrower" (weapon) {freeze, Int+3}
   (You found it on level 5 of the Dungeon)

   It has been specially enchanted to freeze those struck by it, causing extra
   injury to most foes and up to half again as much damage against particularly
   susceptible opponents.
   It can also slow down cold-blooded creatures.
   It affects your intelligence (+3).
   It has a curse placed upon it.
 F - a +2 shortbow of freezing
Missiles
 c - 118 stones
 i - 33 sling bullets
 k - 15 bolts
 n - 16 poisoned darts (quivered)
 p - 102 arrows
 E - a throwing net
Armour
 e - a +0 robe (worn)
Magical Staves
 B - an uncursed staff of cold
Jewellery
 y - an amulet of rage (around neck)
 D - an uncursed ring of magical power {unknown}
Wands
 u - a wand of acid (13)
 H - a wand of enslavement (11)
Scrolls
 g - a scroll of enchant weapon {unknown}
 h - a scroll of remove curse {unknown}
 l - 8 scrolls of identify {unknown}
 m - 3 scrolls of blinking {unknown}
 q - a scroll of teleportation {unknown}
 t - a scroll of enchant armour {unknown}
 w - a scroll of random uselessness {unknown}
 A - a scroll of amnesia {unknown}
 G - a scroll of noise {unknown}
Potions
 f - 4 potions of brilliance {unknown}
 j - 4 potions of heal wounds {unknown}
 o - a potion of mutation {unknown}
 r - 4 potions of curing {unknown}
 s - 3 potions of flight {unknown}
 v - a potion of might {unknown}
 x - a potion of lignification {unknown}
 z - 2 potions of degeneration {unknown}
Comestibles
 d - 11 rations


   Skills:
 + Level 2.1 Short Blades
 + Level 3.3 Dodging
 * Level 8.1 Stealth
 - Level 10.0 Spellcasting
 * Level 1.2 Conjurations
 * Level 6.3 Hexes
 - Level 2.2 Ice Magic
 * Level 2.6 Evocations


You had 18 spell levels left.
You knew the following spells:

 Your Spells              Type           Power        Failure   Level  Hunger
a - Ensorcelled Hibernat  Hex/Ice        ####..       1%          2    None
b - Confuse               Hex            #####...     1%          3    None
c - Dazzling Spray        Conj/Hex       ####..       3%          3    None
g - Corona                Hex            #####..      1%          1    None

Your spell library contained the following spells:

 Spells                   Type           Power        Failure   Level  Hunger
 Tukima's Dance           Hex            #####...     1%          3    None


Dungeon Overview and Level Annotations

Branches:
Dungeon (5/15)
 Temple: D:4-7

Altars:
Fedhas
Nemelex Xobeh
Ru


Innate Abilities, Weirdness & Mutations

You are very small and have problems with some larger weapons.
You are too small for most types of armour.
You have supernaturally acute eyesight. (SInv)
You are a herbivore.
You cover ground extremely quickly.
You need to consume almost no food.


Message History

The orc looks drowsy...
The helpless orc fails to defend itself.
You puncture the orc! You freeze the orc.
You kill the orc!
Things that are here:
a +0 trident; a cursed +0 ring mail
Casting: Ensorcelled Hibernation (safe; 1% risk of failure)
Confirm with . or Enter, or press ? or * to list all spells.
Aiming: Ensorcelled Hibernation (safe; 1% risk of failure)
Press: ? - help, Shift-Dir - straight line, f - orc
Aim: an orc, wielding a +0 hand axe (chance to defeat MR: 74%)
The orc struggles to resist.
The orc hits you with a +0 hand axe!
* * * LOW HITPOINT WARNING * * *
Casting: Ensorcelled Hibernation (safe; 1% risk of failure)
Confirm with . or Enter, or press ? or * to list all spells.
Aiming: Ensorcelled Hibernation (safe; 1% risk of failure)
Press: ? - help, Shift-Dir - straight line, f/p - orc
Aim: an orc, wielding a +0 hand axe (chance to defeat MR: 74%)
The orc struggles to resist.
The orc hits you with a +0 hand axe.
You die...

#####################
...............).>..#
###............)..#.#
....############).#.#
....# #......#.#
....# ####.###@##.#
....# #....#..o...#
....# #.$......####
#..## #........# ...#
#..(.....# ...##
#......?.# ##..#
#.####'#.# ##.## #.
#.#.# #..# #o #.#


You could see an orc.

Vanquished Creatures
  Grinder (D:4)
  Eustachio (D:4)
  Edmund (D:4)
  2 phantoms (D:4)
  A sky beast (D:5)
  A centaur (D:5)
  2 ogres
  A water moccasin skeleton (D:4)
  A crimson imp (D:5)
  2 bullfrog skeletons
  A gnoll shaman (D:5)
  3 hounds
  Natasha (thrice) (D:4)
  An iguana (D:4)
  6 worker ants
  9 adders
  7 gnolls
  4 oozes
  A worm (D:2)
  2 dart slugs
  6 leopard geckos
  14 orcs
  A ball python (D:5)
  8 giant cockroaches
  7 goblins
  10 hobgoblins
  3 jackals (D:3)
  A quokka (D:5)
  5 bats
  7 frilled lizards
  8 kobolds
  2 rats
122 creatures vanquished.

Notes
Turn   | Place    | Note
-------+----------+-------------------------------------------
     0 | D:1      | Kagalorn the Spriggan Enchanter began the quest for the
                  | Orb.
     0 | D:1      | Reached XP level 1. HP: 9/9 MP: 5/5
   254 | D:1      | Reached skill level 3 in Spellcasting
   311 | D:1      | Reached XP level 2. HP: 11/13 MP: 7/7
   325 | D:1      | Learned a level 2 spell: Ensorcelled Hibernation
   722 | D:2      | Reached XP level 3. HP: 15/16 MP: 6/9
   787 | D:2      | Reached skill level 4 in Spellcasting
   809 | D:2      | Reached skill level 5 in Hexes
   809 | D:2      | Reached XP level 4. HP: 16/21 MP: 0/11
  1438 | D:3      | Reached skill level 5 in Spellcasting
  1438 | D:3      | Reached XP level 5. HP: 18/24 MP: 7/13
  1446 | D:3      | Learned a level 3 spell: Confuse
  1450 | D:3      | Learned a level 3 spell: Dazzling Spray
  1456 | D:3      | Found a sacrificial altar of Ru.
  1575 | D:3      | Reached skill level 1 in Ice Magic
  1935 | D:4      | Reached skill level 6 in Spellcasting
  1957 | D:4      | Reached XP level 6. HP: 15/28 MP: 0/16
  2010 | D:4      | Noticed Natasha
  2016 | D:4      | Killed Natasha
  2041 | D:4      | Noticed Edmund
  2061 | D:4      | Noticed Natasha
  2066 | D:4      | Killed Natasha
  2119 | D:4      | Reached skill level 7 in Spellcasting
  2126 | D:4      | Found a blossoming altar of Fedhas.
  2127 | D:4      | Found a sparkling altar of Nemelex Xobeh.
  2157 | D:4      | HP: 1/28 [water moccasin skeleton (6)]
  2291 | D:4      | Killed Edmund
  2291 | D:4      | Reached XP level 7. HP: 7/32 MP: 13/19
  2358 | D:4      | Reached skill level 8 in Spellcasting
  2451 | D:4      | Noticed Eustachio
  2605 | D:4      | Killed Eustachio
  2605 | D:4      | Reached skill level 9 in Spellcasting
  2657 | D:4      | Noticed Grinder
  2678 | D:4      | Killed Grinder
  2725 | D:4      | Noticed Natasha
  2732 | D:4      | Killed Natasha
  2732 | D:4      | Reached skill level 10 in Spellcasting
  2849 | D:4      | Reached skill level 1 in Evocations
  2849 | D:4      | Reached XP level 8. HP: 17/36 MP: 20/23
  2957 | D:4      | Reached skill level 5 in Stealth
  3099 | D:5      | Entered Level 5 of the Dungeon
  3161 | D:5      | Reached skill level 1 in Conjurations
  3254 | D:5      | Got a jewelled rapier
  3265 | D:5      | Identified the cursed +2 rapier "Hell-Harrower" {freeze,
                  | Int+3} (You found it on level 5 of the Dungeon)
  3843 | D:5      | Slain by an orc

Levels and vault maps discovered:
D:1:      roderic_crop_circles_arrival_small, layout_basic,
          chequers_serial_rivers_micro_b
D:2:      layout_rooms
D:3:      layout_basic, nicolae_overflow_crystal_walls, first_ration
D:4:      layout_gridville, gammafunk_temple_overflow_statue, uniq_eustachio,
          uniq_natasha, uniq_grinder, uniq_edmund
D:5:      minmay_angry_zag, layout_basic, chequers_decorated_corner,
          minivault_27

Skill      XL: |  1  2  3  4  5  6  7  8 |
---------------+-------------------------+-----
Spellcasting   | 3 4 5 6 7 10 | 10.0
Hexes          | 4 5 6 |  6.3
Ice Magic      | 1 2 |  2.2
Evocations     | 1 2 |  2.6
Stealth        | 8 |  8.1
Conjurations   | 1 |  1.2
Short Blades   | 2 |  2.1
Dodging        | |  3.3

Action                   |  1- 3 |  4- 6 |  7- 9 || total
-------------------------+-------+-------+-------++-------
Melee: Dagger            |    73 |   136 |    65 ||   274
       Rapier            |       |       |    30 ||    30
 Cast: Corona            |     6 |       |       ||     6
       Ensorcelled Hiber |     9 |    34 |    40 ||    83
       Dazzling Spray    |       |     1 |     1 ||     2
       Confuse           |       |     4 |    15 ||    19
 Stab: Sleeping          |    10 |    26 |    29 ||    65
       Distracted        |       |     1 |     1 ||     2
       Confused          |       |     2 |    10 ||    12
Armor: Robe              |     4 |     7 |     3 ||    14
Dodge: Dodged            |    54 |    87 |    54 ||   195

Table legend:
 A = Non-vault XP
 B = Vault XP
 C = Vault XP percentage of total XP
 D = Non-vault monster count
 E = Vault monster count
 F = Vault count percentage of total count
                 A         B        C        D         E       F
            +---------+---------+-------+---------+---------+-------
      Total |    1670 |     814 |  32.8 |     113 |       9 |   7.4
            +---------+---------+-------+---------+---------+-------
        D:1 |      33 |       0 |   0.0 |      17 |       0 |   0.0
        D:2 |     121 |       0 |   0.0 |      24 |       0 |   0.0
        D:3 |     118 |       0 |   0.0 |      30 |       0 |   0.0
        D:4 |     768 |     665 |  46.4 |      20 |       4 |  16.7
        D:5 |     630 |     149 |  19.1 |      22 |       5 |  18.5
            +---------+---------+-------+---------+---------+-------
